 Dungeon Crawl Stone Soup version 0.25-a0-707-g603da076d2 (webtiles) character file.

Game seed: 5881443320341796406, levelgen mode: classic

28098 EnegeticOcto the Pandemonic (level 13, -15/126 HPs)
             Began as a Deep Dwarf Fighter on Apr 4, 2020.
             Was a High Priest of Makhleb.
             Demolished by a phantasmal warrior (25 damage)
             ... led by a death knight
             ... on level 15 of the Dungeon.
             The game lasted 00:08:08 (9370 turns).

EnegeticOcto the Pandemonic (Deep Dwarf Fighter)    Turns: 9370, Time: 00:08:08

Health: -15/126    AC: 18    Str: 25    XL:     13   Next: 7%
Magic:  16/16      EV: 10    Int:  9    God:    Makhleb [*****.]
Gold:   886        SH:  0    Dex: 12    Spells: 12/12 levels left

rFire    + . .     SeeInvis .   x - +8 battleaxe (freeze)
rCold    . . .     Gourm    .   (shield currently unavailable)
rNeg     . . .     Faith    +   a - +0 plate armour
rPois    +         Spirit   .   f - +1 helmet
rElec    .         Reflect  .   g - +0 cloak
rCorr    .         Harm     .   (no gloves)
MR       .....     Rnd*Rage +   (no boots)
Stlth    ..........             h - amulet of faith
HPRegen  0.00/turn              w - ring of protection from fire
MPRegen  0.15/turn              d - ring of poison resistance

@: vulnerable, non-regenerating, slowed, very slow
A: damage resistance, heal wounds, talons 1, berserk 1, sense surroundings 2, no
regeneration
a: Heal Wounds, Minor Destruction, Lesser Servant of Makhleb, Major Destruction,
Greater Servant of Makhleb, Renounce Religion


You were on level 15 of the Dungeon.
You worshipped Makhleb.
Makhleb was extremely pleased with you.
You were not hungry.

You visited 2 branches of the dungeon, and saw 16 of its levels.
You also visited: Sewer.

You collected 886 gold pieces.

Inventory:

Hand Weapons
 x - a +8 battleaxe of freezing (weapon)
Missiles
 y - 3 throwing nets (quivered)
Armour
 a - a +0 plate armour (worn)
 c - a +1 kite shield
 f - a +1 helmet (worn)
 g - a +0 cloak (worn)
Jewellery
 d - a ring of poison resistance (right hand)
 h - an amulet of faith (around neck)
 w - a ring of protection from fire (left hand)
 B - an uncursed ring of protection from fire
Wands
 u - a wand of flame (17) {@v3}
 z - a wand of scattershot (5)
 I - a wand of digging (5) {@v2}
 J - a wand of clouds (7)
Scrolls
 l - 4 scrolls of magic mapping {@r5}
 q - a scroll of immolation {@r4}
 s - 8 scrolls of remove curse {@r6}
 D - a scroll of silence
 F - a scroll of torment {unknown}
 G - 5 scrolls of teleportation {@r2}
Potions
 b - a potion of cancellation
 i - a potion of lignification {@q7}
 j - 3 potions of stabbing {@q5}
 k - 6 potions of might {@q3}
 m - a potion of resistance {@q6}
 n - 3 potions of haste {@q4}
 o - 2 potions of heal wounds {unknown}
 p - a potion of brilliance
 r - 4 potions of flight
 t - 4 potions of curing {@q1}
 v - 3 potions of berserk rage
 A - 3 potions of mutation
 C - a potion of ambrosia
 E - a potion of experience {unknown}
Comestibles
 e - 23 rations


   Skills:
 * Level 10.9 Fighting
 * Level 12.6 Axes
 + Level 9.5 Armour
 + Level 7.4 Dodging
 - Level 5.6 Shields
 * Level 13.0 Invocations


You had 12 spell levels left.
You didn't know any spells.
Your spell library was empty.

Dungeon Overview and Level Annotations

Branches:
Dungeon (15/15)            Temple (1/1) D:5            Lair (0/6) D:11
    Orc (0/2) D:10         Vaults (0/5) D:14          Sewer (visited)
 Depths: D:15

Altars:
Fedhas
Hepliaklqana
Makhleb
Xom
Yredelemnul
Zin

Shops:
D:7 }   D:8 (   D:12 (   D:13 }

Annotations:
D:9 1 runed translucent door, bohran's ghost, novice TeAE


Innate Abilities, Weirdness & Mutations

You are resistant to damage.
You can heal yourself by infusing magical energy.
You passively map the area around you.
You do not regenerate.
You have sharp toenails.
You tend to lose your temper in combat.


Message History

The phantasmal warrior hits you but does no damage.
The skeletal warrior hits you with a +0 flail!
The phantasmal warrior hits you.
You barely miss the phantasmal warrior. You claw the phantasmal warrior.
The phantasmal warrior is lightly damaged.
You hit the skeletal warrior but do no damage.
The skeletal warrior closely misses you.
The phantasmal warrior barely misses you.
You slash the phantasmal warrior! You freeze the phantasmal warrior.
The phantasmal warrior is moderately damaged.
You slash the skeletal warrior! You freeze the skeletal warrior.
The skeletal warrior hits you with a +0 flail!!
The phantasmal warrior hits you but does no damage.
The phantasmal warrior closely misses you.
You hit the phantasmal warrior.
Your kick misses the phantasmal warrior.
The phantasmal warrior is moderately damaged.
You hit the death knight. You freeze the death knight.
The death knight reflects your damage back at you!
The phantasmal warrior hits you.
Your magical defenses are stripped away!
The death knight closely misses you. The wraith hits you but does no damage.
You closely miss the phantasmal warrior.
Your kick misses the phantasmal warrior.
The phantasmal warrior is moderately damaged.
You slash the death knight! You freeze the death knight.
The death knight reflects your damage back at you!
You barely miss the skeletal warrior. You hit the wraith.
You freeze the wraith.
You feel yourself speed up.
The skeletal warrior hits you with a +0 flail!
The phantasmal warrior closely misses you.
The wraith barely misses you.
The death knight hits you with a +1 battleaxe.
The phantasmal warrior hits you!
* * * LOW HITPOINT WARNING * * *
The skeletal warrior hits you with a +0 flail!
* * * LOW HITPOINT WARNING * * *
You are too injured to fight recklessly!
You are too injured to fight recklessly!
You are too injured to fight recklessly!
You are too injured to fight recklessly!
You are too injured to fight recklessly!
You are too injured to fight recklessly!
You are too injured to fight recklessly!
You are too injured to fight recklessly!
You are too injured to fight recklessly!
You are too injured to fight recklessly!
You are too injured to fight recklessly!
You are too injured to fight recklessly!
You are too injured to fight recklessly!
You are too injured to fight recklessly!
You are too injured to fight recklessly!
You are too injured to fight recklessly!
You are too injured to fight recklessly!
You are too injured to fight recklessly!
You feel much better.
The death knight's dark mirror aura disappears.
The wraith closely misses you. The death knight barely misses you.
The phantasmal warrior hits you but does no damage.
The skeletal warrior hits you with a +0 flail.
Your magical essence is drained by the effort!
You feel much better. The wraith hits you but does no damage.
The phantasmal warrior closely misses you.
The death knight hits you but does no damage.
You slice the phantasmal warrior!! You freeze the phantasmal warrior.
Your kick misses the phantasmal warrior.
The phantasmal warrior is severely damaged.
You slash the death knight! You freeze the death knight.
You hit the skeletal warrior but do no damage.
You completely miss the wraith.
The skeletal warrior hits you with a +0 flail!
The wraith barely misses you.
The phantasmal warrior hits you but does no damage.
The death knight hits you with a +1 battleaxe!
You are too injured to fight recklessly!
You are too injured to fight recklessly!
You are too injured to fight recklessly!
You feel much better. The wraith closely misses you.
The skeletal warrior hits you with a +0 flail!!
The phantasmal warrior hits you!
A demon appears!
The wraith hits you. The wraith drains your vigour!
You feel yourself slow down.
The death knight hits you with a +1 battleaxe!!
* * * LOW HITPOINT WARNING * * *
The death knight hits your hellwing with a +1 battleaxe!
The skeletal warrior closely misses you.
The phantasmal warrior hits you!
* * * LOW HITPOINT WARNING * * *
You feel much better. The wraith closely misses you.
The phantasmal warrior barely misses you.
The death knight hits you with a +1 battleaxe!!
* * * LOW HITPOINT WARNING * * *
The death knight hits your hellwing with a +1 battleaxe!
The skeletal warrior hits you with a +0 flail.
* * * LOW HITPOINT WARNING * * *
Your hellwing completely misses the death knight.
Your hellwing hits the death knight but does no damage.
The wraith hits you but does no damage. The phantasmal warrior hits you!!
You die...

#..................
#..................
#..................
#..................
######....#####.........
#.....$...# #........#
#.........# #...######
#.........# #...#, ,,
#.....W@4.# #...#,
#.....Wpz.# #...# ,
#.........# #...# ,
#.........# #...# * +
#.........# #...., ,
#.......... , *
#........... ,
#............ , , , ,


You could see a death knight, a skeletal warrior, a phantasmal warrior, a wraith
and a friendly hellwing.

Vanquished Creatures
  Azrael (D:12)
  2 vault guards (D:14)
  A centaur warrior (D:14)
  6 two-headed ogres
  3 ugly things (D:14)
  5 cyclopes
  A deep elf mage (D:14)
  2 manticores
  5 trolls
  4 slime creatures (D:13)
  4 hippogriffs
  3 wyverns
  3 wraiths
  15 yaks
  10 humans (D:14)
  A fire elemental (D:12)
  A hungry ghost (D:9)
  Menkaure (D:4)
  3 acid dragons
  2 vampire mosquitoes (D:15)
  An acid dragon (shapeshifter) (D:14)
  2 water moccasins
  4 hell hounds (D:12)
  9 sky beasts
  2 porcupines (D:11)
  A swamp drake (D:10)
  2 ice beasts
  3 phantoms
  5 ogres
  4 orc warriors
  5 black bears
  A boggart (D:15)
  2 eyes of draining
  2 necrophages
  15 centaurs
  2 crocodiles
  3 big kobolds
  10 bullfrogs
  A scorpion (D:11)
  A wyvern skeleton (D:12)
  4 killer bees (D:7)
  10 wights
  4 crimson imps
  A quasit (D:12)
  A centaur zombie (D:6)
  3 bullfrog zombies
  3 centaur skeletons
  A jelly (D:7)
  A bullfrog skeleton (D:13)
  9 hounds
  9 orc priests
  7 orc wizards
  12 worker ants
  Natasha (twice) (D:4)
  4 iguanas
  Robin (D:3)
  20 gnolls
  15 adders
  A shadow imp (D:8)
  3 oozes
  2 adder skeletons
  4 worms
  A dart slug (D:3)
  7 leopard geckos
  37 orcs
  4 ball pythons
  5 giant cockroaches
  8 goblins (D:3)
  6 hobgoblins
  11 jackals
  4 quokkas
  4 bats
  5 frilled lizards
  A giant cockroach zombie (D:5)
  16 kobolds
  A leopard gecko skeleton (D:8)
  A quokka skeleton (D:6)
  2 rats
  4 fungi (D:11)
  3 plants (D:11)
385 creatures vanquished.

Vanquished Creatures (others)
  A sky beast (D:6)
  5 fungi (D:11)
  2 plants (D:11)
8 creatures vanquished.

Grand Total: 393 creatures vanquished

Notes
Turn   | Place    | Note
-------+----------+-------------------------------------------
     0 | D:1      | EnegeticOcto the Deep Dwarf Fighter began the quest for the
                  | Orb.
     0 | D:1      | Reached XP level 1. HP: 20/20 MP: 1/1
   114 | D:2      | Reached XP level 2. HP: 24/27 MP: 2/2
   168 | D:3      | Reached XP level 3. HP: 28/34 MP: 3/3
   175 | D:3      | Reached XP level 4. HP: 38/42 MP: 4/4
   219 | D:3      | Noticed Robin
   228 | D:3      | Killed Robin
   552 | D:3      | Reached XP level 5. HP: 50/50 MP: 5/5
   778 | D:4      | Reached XP level 6. HP: 46/57 MP: 6/6
   869 | D:4      | Noticed Natasha
   878 | D:4      | Killed Natasha
  1069 | D:4      | Found a hazy altar of Hepliaklqana.
  1108 | D:4      | Noticed Menkaure
  1113 | D:4      | Killed Menkaure
  1113 | D:4      | Reached skill level 5 in Axes
  1113 | D:4      | Reached XP level 7. HP: 43/66 MP: 7/7
  1241 | D:4      | Noticed Natasha
  1255 | D:4      | Killed Natasha
  1343 | D:5      | Entered Level 5 of the Dungeon
  1351 | D:5      | Gained mutation: You tend to lose your temper in combat.
                  | [potion of mutation]
  1351 | D:5      | Gained mutation: You evolve. [potion of mutation]
  1351 | D:5      | Lost mutation: You evolve. [potion of mutation]
  1351 | D:5      | Gained mutation: You have sharp toenails. [potion of
                  | mutation]
  1380 | D:5      | Found a glowing drain.
  1389 | D:5      | Reached skill level 5 in Fighting
  1429 | Sewer    | Entered a sewer
  1637 | Sewer    | Reached skill level 5 in Armour
  1637 | Sewer    | Reached skill level 5 in Shields
  1816 | D:5      | Found a staircase to the Ecumenical Temple.
  1824 | Temple   | Entered the Ecumenical Temple
  1829 | Temple   | Became a worshipper of Makhleb the Destroyer
  1919 | D:5      | Reached skill level 1 in Invocations
  1919 | D:5      | Reached XP level 8. HP: 52/75 MP: 7/9
  2167 | D:5      | Reached skill level 2 in Invocations
  2325 | D:6      | Reached skill level 3 in Invocations
  2411 | D:6      | Reached * piety under Makhleb
  2445 | D:6      | Reached skill level 4 in Invocations
  2832 | D:6      | Reached skill level 1 in Dodging
  3055 | D:7      | Gained mutation: You passively map the area around you.
                  | [Deep Dwarf growth]
  3055 | D:7      | Reached XP level 9. HP: 52/85 MP: 12/12
  3084 | D:7      | Reached skill level 5 in Invocations
  3210 | D:7      | Found Icaifodu's Gadget Emporium.
  3276 | D:7      | Reached ** piety under Makhleb
  3276 | D:7      | Reached skill level 6 in Invocations
  3594 | D:8      | Found Pikoadgh's Antique Weapon Shoppe.
  3615 | D:8      | Noticed a two-headed ogre
  3640 | D:8      | Killed a two-headed ogre
  3640 | D:8      | Reached skill level 7 in Invocations
  3832 | D:8      | Reached XP level 10. HP: 71/94 MP: 11/11
  4744 | D:9      | Found a runed translucent door.
  4744 | D:9      | Noticed bohran's ghost (novice TeAE)
  4814 | D:9      | Reached *** piety under Makhleb
  4820 | D:9      | Reached skill level 8 in Invocations
  5085 | D:9      | Noticed a two-headed ogre
  5092 | D:9      | Killed a two-headed ogre
  5293 | D:9      | Noticed a two-headed ogre
  5302 | D:9      | Killed a two-headed ogre
  5302 | D:9      | Reached skill level 9 in Invocations
  5439 | D:10     | Entered Level 10 of the Dungeon
  5472 | D:10     | Reached skill level 10 in Axes
  5852 | D:10     | Found a staircase to the Orcish Mines.
  5856 | D:10     | Noticed a two-headed ogre
  5863 | D:10     | Killed a two-headed ogre
  5863 | D:10     | Reached XP level 11. HP: 91/104 MP: 13/13
  5903 | D:10     | Reached **** piety under Makhleb
  6213 | D:11     | Found a staircase to the Lair.
  6239 | D:11     | Reached skill level 5 in Dodging
  6460 | D:11     | Reached skill level 10 in Invocations
  7071 | D:12     | Reached ***** piety under Makhleb
  7196 | D:12     | Found Jakhlufu's Weapon Emporium.
  7265 | D:12     | Reached skill level 11 in Invocations
  7346 | D:12     | Reached XP level 12. HP: 88/116 MP: 15/15
  7467 | D:12     | Noticed Azrael
  7482 | D:12     | Killed Azrael
  7482 | D:12     | Reached skill level 10 in Fighting
  7702 | D:13     | Noticed a two-headed ogre
  7708 | D:13     | Killed a two-headed ogre
  7777 | D:13     | Noticed a two-headed ogre
  7787 | D:13     | Killed a two-headed ogre
  7787 | D:13     | Reached skill level 12 in Invocations
  8144 | D:13     | Found Gite's Gadget Shop.
  8426 | D:14     | Noticed a vault guard
  8426 | D:14     | Noticed a vault guard
  8447 | D:14     | Killed a vault guard
  8452 | D:14     | Killed a vault guard
  8599 | D:14     | Found a gate to the Vaults.
  8825 | D:14     | Reached ****** piety under Makhleb
  8964 | D:14     | Noticed a centaur warrior
  8973 | D:14     | Killed a centaur warrior
  8973 | D:14     | Reached XP level 13. HP: 72/126 MP: 17/17
  9016 | D:14     | Reached skill level 13 in Invocations
  9249 | D:15     | Entered Level 15 of the Dungeon
  9370 | D:15     | Demolished by a phantasmal warrior

Levels and vault maps discovered:
D:1:      eino_arrival_cavern_b, layout_rooms
D:2:      layout_rooms, uniq_jessica
D:3:      layout_basic, kennysheep_decorative_pillar, uniq_robin
D:4:      layout_basic, nicolae_overflow_hidden_temple, first_ration,
          uniq_natasha, uniq_menkaure
D:5:      layout_basic, minmay_temple_entry_junction_2, gup_sewer_entry_glass
D:6:      wander_river, layout_basic
D:7:      layout_cave_pools, serial_shops, nicolae_shop_behind_doors,
          grunt_ogre_cave
D:8:      layout_layer_cave, serial_shops, shop
D:9:      layout_loops_corners, ebering_ghost_inner_flame
D:10:     layout_roguey, erik_orc_1
D:11:     layout_loops_corners, due_lair_maze_entry_diamond, serial_glass,
          glass_columns_a, glass_columns_a, fountainhead, minmay_puff
D:12:     layout_rooms, serial_shops, nicolae_shop_trees, uniq_azrael
D:13:     layout_loops_cross, serial_shops, shop
D:14:     layout_roguey, ximxim_vaults_locker_room
D:15:     grunt_enter_depths_snipers, layout_irregular_city,
          nicolae_qazlal_general_emergency, uniq_agnes
Temple:   nicolae_temple_the_god_donut

Skill      XL: |  1  2  3  4  5  6  7  8  9 10 11 12 13 |
---------------+----------------------------------------+-----
Fighting       | 3 4 5 6 7 8 9 10 | 10.9
Axes           | 3 4 5 6 7 8 10 11 12 | 12.6
Shields        | 4 5 |  5.6
Armour         | 4 5 6 7 8 9 |  9.5
Invocations    | 1 4 7 9 11 12 13 | 13.0
Dodging        | 1 3 4 6 7 |  7.4

Action                   |  1- 3 |  4- 6 |  7- 9 | 10-12 | 13-15 || total
-------------------------+-------+-------+-------+-------+-------++-------
Melee: War axe           |    36 |   163 |   238 |       |       ||   437
       Kick              |       |       |    97 |   132 |     6 ||   235
       Battleaxe         |       |       |   114 |   412 |    25 ||   551
Invok: Lesser Servant of |       |       |       |       |     1 ||     1
 Abil: Heal Wounds       |     1 |     5 |     8 |     9 |     6 ||    29
  Use: Scroll            |       |       |    20 |     5 |     5 ||    30
       Potion            |       |       |     1 |       |       ||     1
  Eat: Chunk             |       |     1 |     7 |    16 |     2 ||    26
       Ration            |       |       |     1 |     1 |       ||     2
Armor: Scale mail        |    24 |    83 |    98 |       |       ||   205
       Plate armour      |       |       |    93 |   279 |    38 ||   410
Dodge: Dodged            |    19 |    70 |   115 |   243 |    39 ||   486
Block: Kite shield       |    28 |   116 |   168 |       |       ||   312

Table legend:
 A = Non-vault XP
 B = Vault XP
 C = Vault XP percentage of total XP
 D = Non-vault monster count
 E = Vault monster count
 F = Vault count percentage of total count
                 A         B        C        D         E       F
            +---------+---------+-------+---------+---------+-------
      Total |   30800 |    9341 |  23.3 |     293 |      86 |  22.7
            +---------+---------+-------+---------+---------+-------
        D:1 |       4 |       0 |   0.0 |       3 |       0 |   0.0
        D:2 |      36 |       0 |   0.0 |       6 |       0 |   0.0
        D:3 |     171 |      35 |  17.0 |      23 |      11 |  32.4
        D:4 |     407 |     207 |  33.7 |      29 |       2 |   6.5
        D:5 |     585 |      35 |   5.6 |      22 |       6 |  21.4
        D:6 |    1086 |       0 |   0.0 |      23 |       0 |   0.0
        D:7 |    1282 |     125 |   8.9 |      20 |       1 |   4.8
        D:8 |    1802 |       0 |   0.0 |      24 |       0 |   0.0
        D:9 |    4122 |       0 |   0.0 |      25 |       0 |   0.0
       D:10 |    1671 |     601 |  26.5 |       9 |      17 |  65.4
       D:11 |    1419 |    2178 |  60.6 |      11 |      15 |  57.7
       D:12 |    7701 |    2071 |  21.2 |      55 |       6 |   9.8
       D:13 |    4463 |       0 |   0.0 |      15 |       0 |   0.0
       D:14 |    5130 |    3917 |  43.3 |      22 |      12 |  35.3
       D:15 |     921 |       0 |   0.0 |       6 |       0 |   0.0
      Sewer |       0 |     172 | 100.0 |       0 |      16 | 100.0
            +---------+---------+-------+---------+---------+-------
